 Dungeon Crawl Stone Soup version 0.16-a0-1009-g0339a9e (webtiles) character file.

17157 MRaven the Cloud Mage (level 12, -16/69 HPs)
             Began as a Tengu Air Elementalist on Oct 2, 2014.
             Was an Elder of Vehumet.
             Demolished by a spiny frog (20 damage)
             ... on Level 3 of the Lair of Beasts on Oct 3, 2014.
             The game lasted 01:39:19 (19099 turns).

MRaven the Cloud Mage (Tengu Air Elementalist)     Turns: 19099, Time: 01:39:19

HP -16/69        AC 10     Str 11      XL: 12   Next: 45%
MP  28/28        EV 16     Int 17      God: Vehumet [****..]
Gold 566         SH  7     Dex 19      Spells:  6 memorised,  7 levels left

rFire  + . .     SeeInvis .     u - +0 blowgun
rCold  + . .     Clarity  +     B - +0 robe "Qaatroar" {+Rage MR++ Stlth+}
rNeg   . . .     rCorr    +     s - +3 buckler
rPois  +         rRot     .     h - +1 hat
rElec  +         Spirit   .     E - +2 cloak {+Inv}
SustAb .         Warding  .     (no gloves)
rMut   .         Stasis   .     (boots unavailable)
Gourm  .                        f - amulet of clarity
MR     ++...                    H - +3 ring of dexterity
                                M - +4 ring of protection

@: swift (expiring), resistant, repel missiles, very quick, very resistant to
hostile enchantments, very stealthy
A: able to fly, beak, talons 3
a: Fly, Renounce Religion, Evoke Berserk Rage, Evoke Invisibility


You were on level 3 of the Lair of Beasts.
You worshipped Vehumet.
Vehumet was greatly pleased with you.
You were not hungry.

You visited 3 branches of the dungeon, and saw 12 of its levels.

You collected 566 gold pieces.

Inventory:

Hand weapons
 n - a +5 flail of draining
 u - a +0 blowgun (weapon)
Missiles
 y - 22 poisoned needles (quivered)
Armour
 h - a +1 hat (worn)
 s - a +3 buckler (worn)
 B - the +0 robe "Qaatroar" (worn) {+Rage MR++ Stlth+}
   (You took it off an orc wizard on level 4 of the Dungeon)

   It affects your resistance to hostile enchantments.
   It lets you go berserk.
   It makes you more stealthy.
 E - a +2 cloak of darkness (worn)
Magical devices
 e - a wand of teleportation (6)
 i - a wand of confusion (10)
 z - a wand of lightning (0)
 A - a wand of lightning (0)
 D - a wand of confusion (10)
 G - a wand of frost (6)
 L - a wand of random effects (9)
Comestibles
 c - 8 bread rations
 g - 6 meat rations
 J - 8 royal jellies
 O - 13 fruits
Scrolls
 a - 5 scrolls of identify
 m - 2 scrolls of amnesia
 o - 5 scrolls of remove curse
 t - a scroll of blinking
 w - a scroll of enchant weapon
 K - a scroll of fear {unknown}
Jewellery
 f - an amulet of clarity (around neck)
 H - a +3 ring of dexterity (right hand)
 M - a +4 ring of protection (left hand)
Potions
 j - 2 potions of mutation
 k - a potion of resistance
 l - a potion of invisibility {unknown}
 p - 2 potions of curing
 r - a potion of might
 v - a potion of flight {unknown}
 x - a potion of haste
 C - a potion of cancellation
 Q - a potion of berserk rage {unknown}
Books
 b - a book of Air

   Spells                             Type                      Level
   *Shock                             Conjuration/Air              1
   *Swiftness                         Charms/Air                   2
   *Repel Missiles                    Charms/Air                   2
   Flight                             Charms/Air                   3
   *Static Discharge                  Conjuration/Air              3
   *Lightning Bolt                    Conjuration/Air              5
 F - a book of the Sky

   Spells                             Type                      Level
   Flight                             Charms/Air                   3
   Airstrike                          Air                          4
   Silence                            Hexes/Air                    5
   Deflect Missiles                   Charms/Air                   6
   Conjure Ball Lightning             Conjuration/Air              6
   Tornado                            Air                          9
 I - a book of the Dragon

   Spells                             Type                      Level
   Flight                             Charms/Air                   3
   Cause Fear                         Hexes                        4
   Bolt of Fire                       Conjuration/Fire             6
   Dragon Form                        Transmutation                7
   Dragon's Call                      Summoning                    9
 P - a Necronomicon {highlevel, unknown}

   This book is beyond your current level of understanding.

   Spells                             Type                      Level
   Haunt                              Necromancy/Summoning         7
   Borgnjor's Revivification          Necromancy                   8
   Death's Door                       Charms/Necromancy            8
   Necromutation                      Transmutation/Necromancy     8


   Skills:
 + Level 5.9 Fighting
 + Level 8.2 Maces & Flails
 + Level 6.5 Dodging
 - Level 9.0 Stealth
 + Level 7.2 Spellcasting
 * Level 10.9 Conjurations
 * Level 3.7 Fire Magic
 * Level 12.0 Air Magic


You had 7 spell levels left.
You knew the following spells:

 Your Spells              Type           Power        Failure   Level  Hunger
a - Shock                 Conj/Air       ####         1%          1    None
b - Repel Missiles        Chrm/Air       ####..       1%          2    None
c - Swiftness             Chrm/Air       ####....     1%          2    None
d - Static Discharge      Conj/Air       #####...     1%          3    ##.....
e - Lightning Bolt        Conj/Air       #####.....   1%          5    #####..
f - Fireball              Conj/Fire      ####......   5%          5    #####..


Dungeon Overview and Level Annotations

Branches:
Dungeon (8/15)             Temple (1/1) D:6            Lair (3/8) D:8
  Swamp: Lair:3-6    Shoals: Lair:3-6     Snake: Lair:3-6    Spider: Lair:3-6

Altars:
Ashenzari
Elyvilon
Fedhas
Gozag
Kikubaaqudgha
Makhleb
Qazlal
Ru
Sif Muna
Trog
Vehumet
Xom
Zin
The Shining One

Portals:
Volcano: Lair:3


Innate Abilities, Weirdness & Mutations

You can fly.
You have a beak for a mouth.
You have claws for feet.


Message History

Casting: Static Discharge
Confirm with . or Enter, or press ? or * to list all spells.
You feel quick.
The lindwurm moves out of view.
A spiny frog comes into view.
The spiny frog moves out of view.
Found a stone staircase leading up.
A giant frog comes into view.
Found a potion of haste.
You see here 9 gold pieces.
Found a dark tunnel.
The spiny frog gives a loud, deep croak!
The lindwurm breathes flames at you. The blast of flame hits you!
Ouch! That really hurt!
* * * LOW HITPOINT WARNING * * *
You start to feel a little slower.
Drink which item? (? for menu, Esc to quit)
You feel protected. The spiny frog stings you!!
You die...

*,,,,,,,,,*******#.#*..,* **
*,,,,,,,,,* *..##..#* ***,
*,,,,,**,,* *..#.#.P* *,,,
*,,,,***,** ##.....#* **.*,
*,,,,*,*** #...<.#* *,.#*
*,,,,,** **** *#.#..# **.#*
*,,,,,,***≈≈*#####F..P## *.P*
*,*,,,,,..§≈##...F.....### *.#*
***,,,,,,,≈§§∩..@.....k..#####.##
*,,,,,**#§##............##.#..#
*,,,*** ***####........$.$...##
**,**,,** **##.....##..#P.##.
**,,*,,,,* ***,,#.#P............
,,,,,,*,,* **,,,!..##....#.###...
*,******,***,*,*.P.#....#### ####
*,* **,,,,*,*#...#...# # ,,*
*,*,,,,,,,#.##...** *****#


You could see a lindwurm, a spiny frog and a giant frog.

Vanquished Creatures
  Gastronok (Lair:2)
  2 hydras (Lair:2)
  A black mamba (Lair:2)
  4 komodo dragons
  5 spiny frogs
  A queen bee (Lair:1)
  5 blink frogs (Lair:2)
  A basilisk (Lair:1)
  9 yaks
  7 hippogriffs
  Eustachio (D:6)
  A hungry ghost (D:8)
  Edmund (D:6)
  Menkaure (D:7)
  16 wolves
  8 porcupines
  2 orc warriors
  7 water moccasins
  2 ice beasts
  2 ogres
  3 sky beasts
  A black bear (D:6)
  A phantom (D:5)
  A centaur (D:6)
  2 crocodiles (Lair:1)
  Sigmund (D:5)
  Duvessa (D:8)
  2 big kobolds (D:8)
  Blork the orc (D:6)
  5 giant frogs
  30 killer bees
  A yak zombie (D:8)
  A jelly (D:8)
  Dowan (D:8)
  4 crimson imps
  A quasit (D:8)
  A centaur skeleton (D:8)
  3 orc priests
  A giant frog skeleton (D:6)
  6 hounds
  An iguana (Lair:1)
  4 orc wizards
  9 worker ants
  7 sheep (Lair:1)
  5 adders
  14 green rats
  A giant mite (D:8)
  3 shadow imps
  A giant gecko (D:5)
  An ooze (D:1)
  17 orcs
  2 ball pythons
  10 bats
  3 giant cockroaches
  12 goblins
  9 hobgoblins
  2 jackals (D:4)
  20 kobolds
  6 quokkas
  A giant gecko skeleton (D:3)
  9 giant newts
  A kobold zombie (D:8)
  7 rats
  3 ballistomycetes (D:8)
  A fungus (Lair:1)
293 creatures vanquished.

Vanquished Creatures (others)
  2 wolves (Lair:2)
  A crocodile (Lair:2)
  A giant spore (D:8)
4 creatures vanquished.

Grand Total: 297 creatures vanquished

Notes
Turn   | Place    | Note
--------------------------------------------------------------
     0 | D:1      | MRaven, the Tengu Air Elementalist, began the quest for the Orb.
     0 | D:1      | Reached XP level 1. HP: 10/10 MP: 3/3
   306 | D:1      | Reached XP level 2. HP: 15/15 MP: 0/5
   382 | D:1      | Learned a level 2 spell: Repel Missiles
   385 | D:1      | Learned a level 2 spell: Swiftness
  1216 | D:2      | Found a glowing golden altar of the Shining One.
  1232 | D:2      | Found an opulent altar of Gozag.
  1234 | D:2      | Found a blossoming altar of Fedhas.
  1234 | D:2      | Found a glowing silver altar of Zin.
  1235 | D:2      | Found a burning altar of Makhleb.
  1609 | D:2      | Reached XP level 3. HP: 19/19 MP: 4/7
  3061 | D:4      | Reached skill level 5 in Air Magic
  3061 | D:4      | Reached XP level 4. HP: 22/24 MP: 1/9
  3143 | D:4      | Learned a level 3 spell: Static Discharge
  4332 | D:4      | Reached XP level 5. HP: 28/28 MP: 0/12
  4424 | D:4      | Got a fabulously ornate robe
  4435 | D:4      | Identified the cursed +0 robe "Qaatroar" {+Rage MR++ Stlth+} (You took it off an orc wizard on level 4 of the Dungeon)
  4766 | D:4      | Reached skill level 6 in Air Magic
  5346 | D:5      | Entered Level 5 of the Dungeon
  5357 | D:5      | Got an encrusted glaive
  5366 | D:5      | Identified the cursed -2 glaive of Shruxybuz {flame, rF+} (You found it on level 5 of the Dungeon)
  5406 | D:5      | Found a deep blue altar of Sif Muna.
  5626 | D:5      | Noticed an ice beast
  5637 | D:5      | Killed an ice beast
  5637 | D:5      | Reached skill level 5 in Conjurations
  5637 | D:5      | Reached XP level 6. HP: 27/32 MP: 1/15
  6389 | D:5      | Reached skill level 7 in Air Magic
  6430 | D:5      | Noticed a sky beast
  6442 | D:5      | Killed a sky beast
  6442 | D:5      | Reached XP level 7. HP: 14/36 MP: 17/17
  6625 | D:5      | Noticed a sky beast
  6652 | D:5      | Killed a sky beast
  6901 | D:5      | Found an ancient bone altar of Kikubaaqudgha.
  6903 | D:5      | Noticed Sigmund
  6913 | D:5      | Killed Sigmund
  7014 | D:5      | Noticed a phantom
  7039 | D:5      | Killed a phantom
  7039 | D:5      | Reached skill level 8 in Air Magic
  7203 | D:5      | Noticed an ogre
  7235 | D:5      | Killed an ogre
  7468 | D:5      | Reached XP level 8. HP: 38/41 MP: 13/20
  7689 | D:6      | Noticed Edmund
  7698 | D:6      | Killed Edmund
  7768 | D:6      | Noticed Blork the orc
  7777 | D:6      | Killed Blork the orc
  7888 | D:6      | Reached skill level 9 in Air Magic
  8576 | D:6      | Found a staircase to the Ecumenical Temple.
  8594 | Temple   | Entered the Ecumenical Temple
  8611 | Temple   | Became a worshipper of Vehumet
  8713 | D:6      | Reached skill level 1 in Fighting
  8896 | D:6      | Reached skill level 5 in Spellcasting
  8959 | D:6      | Reached XP level 9. HP: 48/48 MP: 18/22
  9085 | D:6      | Noticed Eustachio
  9099 | D:6      | Killed Eustachio
  9506 | D:7      | Noticed Menkaure
  9516 | D:7      | Learned a level 5 spell: Lightning Bolt
  9524 | D:7      | Killed Menkaure
  9699 | D:7      | Reached skill level 10 in Air Magic
  9757 | D:7      | Acquired Vehumet's first power
  9757 | D:7      | Offered knowledge of Magic Dart by Vehumet.
 10277 | D:7      | Reached skill level 1 in Maces & Flails
 10821 | D:8      | Found a staircase to the Lair.
 10849 | D:8      | Found a sacrificial altar of Ru.
 11215 | D:8      | Noticed Duvessa
 11217 | D:8      | Noticed Dowan
 11223 | D:8      | Killed Duvessa
 11226 | D:8      | Killed Dowan
 11688 | D:8      | Offered knowledge of Sting by Vehumet.
 11696 | D:8      | Reached XP level 10. HP: 50/56 MP: 12/24
 12236 | D:8      | Reached skill level 5 in Stealth
 12874 | Lair:1   | Entered Level 1 of the Lair of Beasts
 13325 | Lair:1   | Reached skill level 10 in Conjurations
 13327 | Lair:1   | Offered knowledge of Throw Frost by Vehumet.
 13334 | Lair:1   | Reached skill level 5 in Maces & Flails
 13335 | Lair:1   | Acquired Vehumet's second power
 13647 | Lair:1   | Reached skill level 5 in Dodging
 13879 | Lair:1   | Reached XP level 11. HP: 56/61 MP: 21/26
 13913 | Lair:1   | Upgraded the game from 0.16-a0-967-g37ceb3c to 0.16-a0-1009-g0339a9e
 14046 | Lair:1   | Reached skill level 11 in Air Magic
 14660 | Lair:1   | Identified a scroll of acquirement
 14694 | Lair:1   | Offered knowledge of Inner Flame by Vehumet.
 15518 | Lair:2   | Reached skill level 5 in Fighting
 16030 | Lair:2   | Acquired Vehumet's third power
 16447 | Lair:2   | Offered knowledge of Fireball by Vehumet.
 16494 | Lair:2   | Learned a level 5 spell: Fireball
 16537 | Lair:2   | Noticed a five-headed hydra
 16567 | Lair:2   | Noticed Gastronok
 16763 | Lair:2   | Noticed a six-headed hydra
 17157 | Lair:2   | Reached skill level 1 in Fire Magic
 17482 | Lair:2   | Killed a five-headed hydra
 17482 | Lair:2   | Reached XP level 12. HP: 61/68 MP: 4/28
 18278 | Lair:2   | Killed a six-headed hydra
 18653 | Lair:2   | Killed Gastronok
 18653 | Lair:2   | Reached skill level 12 in Air Magic
 19093 | Lair:3   | Found a dark tunnel.
 19099 | Lair:3   | Demolished by a spiny frog

Action                   |  1- 3 |  4- 6 |  7- 9 | 10-12 || total
-------------------------+-------+-------+-------+-------++-------
Melee: Short sword       |    27 |       |       |       ||    27
       Trident           |       |     3 |       |       ||     3
       Flail             |       |       |     1 |    63 ||    64
 Fire: Blowgun           |       |    68 |   114 |   132 ||   314
Throw: Tomahawk          |       |       |     1 |       ||     1
 Cast: Shock             |    83 |    32 |   128 |   216 ||   459
       Repel Missiles    |     1 |       |       |     1 ||     2
       Static Discharge  |       |    17 |    47 |   130 ||   194
       Swiftness         |       |       |     1 |     4 ||     5
       Lightning Bolt    |       |       |       |    12 ||    12
       Fireball          |       |       |       |    13 ||    13
Evoke: Wand              |       |       |     2 |    18 ||    20
  Use: Scroll            |    11 |     1 |     7 |    11 ||    30
       Potion            |     1 |     1 |     2 |     6 ||    10
 Stab: Sleeping          |       |    13 |    16 |    11 ||    40
       Distracted        |       |     1 |     1 |     6 ||     8
  Eat: Chunk             |     6 |     4 |    10 |    15 ||    35
       Beef jerky        |     1 |       |       |       ||     1
       Fruit             |       |     5 |     6 |     8 ||    19
       Royal jelly       |       |     2 |     2 |     3 ||     7
       Bread ration      |       |       |       |     2 ||     2
